 Dungeon Crawl Stone Soup version 0.32-a0-338-g4f8ebfe289 (webtiles) character file.

Game seed: 12074110214817783169

95 alby the Thrower (level 4, -1/32 HPs)
             Began as a Gnoll Wanderer on Feb 16, 2024.
             Was a Follower of Uskayaw.
             Slain by an adder (2 damage)
             ... on level 2 of the Dungeon on Feb 17, 2024.
             The game lasted 00:04:02 (1295 turns).

alby the Thrower (Gnoll Wanderer)                   Turns: 1295, Time: 00:04:02

Health: -1/32      AC:  4    Str: 16    XL:     4   Next: 66%
Magic:  8/8        EV: 11    Int: 12    God:    Uskayaw [*.....]
Gold:   83         SH:  0    Dex:  8    Spells: 8/9 levels left

rFire   . . .        a - +2 dagger
rCold   . . .        (no shield)
rNeg    . . .        e - +0 leather armour
rPois   .            (no helmet)
rElec   .            j - +0 cloak
rCorr   .            (no gloves)
SInv    .            (no boots)
Will    .....        (no amulet)
Stlth   ++           (no ring)
HPRegen 0.25/turn    (no ring)
MPRegen 0.11/turn

%: no passive effects
@: no status effects
A: fangs 1, strong nose, distributed training
a: Renounce Religion, Stomp


You were on level 2 of the Dungeon.
You worshipped Uskayaw.
Uskayaw was noncommittal.
You visited 1 branch of the dungeon, and saw 2 of its levels.

You collected 83 gold pieces.

Inventory:

Hand Weapons
 a - a +2 dagger (weapon)
Missiles
 f - 4 poisoned darts
 k - 7 stones (quivered)
Armour
 e - a +0 leather armour (worn)
 j - a +0 cloak (worn)
Jewellery
 h - a ring of magical power
 m - a ring of fire
Scrolls
 c - a scroll of vulnerability
 g - a scroll of identify {unknown}
Potions
 d - a potion of curing
 i - a potion of magic {unknown}
 l - a potion of invisibility {unknown}


   Skills:
 + Level 1.2 Fighting
 + Level 1.2 Short Blades
 + Level 1.2 Long Blades
 + Level 1.2 Axes
 + Level 1.2 Maces & Flails
 + Level 1.2 Polearms
 + Level 1.2 Staves
 + Level 1.2 Ranged Weapons
 + Level 10.5 Throwing
 + Level 1.2 Armour
 + Level 1.2 Dodging
 + Level 4.3 Stealth
 + Level 1.2 Shields
 + Level 1.2 Unarmed Combat
 + Level 3.0 Spellcasting
 + Level 1.0 Conjurations
 + Level 1.0 Hexes
 + Level 1.0 Summonings
 + Level 1.0 Necromancy
 + Level 1.0 Translocations
 + Level 1.0 Fire Magic
 + Level 1.0 Ice Magic
 + Level 1.0 Air Magic
 + Level 2.3 Earth Magic
 + Level 1.0 Alchemy
 + Level 2.9 Invocations
 + Level 1.2 Evocations
 + Level 1.1 Shapeshifting


You had 8 spell levels left.
You knew the following spells:

 Your Spells              Type           Power      Damage    Failure   Level
a - Sandblast             Erth           14%        2d6       12%         1

Your spell library contained the following spells:

 Spells                   Type           Power      Damage    Failure   Level
 Passwall                 Erth           7%         N/A       34%         3


Dungeon Overview and Level Annotations

Branches:
Dungeon (2/15)

Altars:
Uskayaw


Innate Abilities, Weirdness & Mutations

You have very sharp teeth.
Your uncanny sense of smell can sniff out nearby items.
Your experience applies equally to all skills.


Message History

You feel sick. The adder barely misses you.
You closely miss the adder. Your bite misses the adder.
The adder is moderately wounded.
You feel sick.
You are no longer poisoned.
The adder closely misses you.
The ribbon worm expels a string of sticky webbing.
The stream of webbing misses you.
The stream of webbing hits the adder but does no damage.
The adder is caught in a web!
You hit the adder but do no damage.
The adder is lightly wounded.
The adder tears the web.
The ribbon worm bites you but does no damage.
The adder bites you but does no damage.
You barely miss the adder. Your bite misses the adder.
The adder is lightly wounded.
The ribbon worm closely misses you. The adder bites you but does no damage.
You hit the adder.
The adder is moderately wounded.
The adder barely misses you.
You hit the adder but do no damage.
The adder is moderately wounded.
The ribbon worm bites you but does no damage.
The adder bites you.
* * * LOW HITPOINT WARNING * * *
You barely miss the adder.
The adder is moderately wounded.
The adder bites you.
* * * LOW HITPOINT WARNING * * *
The ribbon worm barely misses you.
You barely miss the adder.
The adder is moderately wounded.
The adder bites you.
* * * LOW HITPOINT WARNING * * *
The ribbon worm bites you.
* * * LOW HITPOINT WARNING * * *
The adder bites you.
You die...
Your body falls in perfect tune with the rhythm.

#.......# #......)#
################### #........
................... #.......#
#####..########## #.......#
######............... #.......#
#......#.............
#.......####.#####..............
#.............w@S.............##
###.....###########...>.........
#.....# #.############ ###.....#
..# #####. #....w### .## #.....
#......####### #. #.##..
#......(...... .. .#####.#...
#####.##...^.. .. ...........
#S.####... ......)....


You could see a ribbon worm and an adder.

Vanquished Creatures
  Jessica (D:2)
  3 dart slugs (D:1)
  6 endoplasms (D:1)
  A giant cockroach (D:1)
  2 goblins (D:1)
  5 hobgoblins
  2 quokkas (D:1)
  4 ball pythons (D:1)
  7 bats
  2 frilled lizards (D:1)
  A kobold (D:2)
  A rat (D:1)
35 creatures vanquished.

Notes
Turn   | Place    | Note
-------+----------+-------------------------------------------
     0 | D:1      | Reached skill level 10 in Throwing
     0 | D:1      | alby the Gnoll Wanderer began the quest for the Orb.
     0 | D:1      | alby set off with the following items: a +2 dagger, a
                  | curare-tipped dart, a scroll of vulnerability, a potion of
                  | curing, a +0 leather armour; and the following spell
                  | memorised: Sandblast; and the following spells available to
                  | memorise: Passwall.
     0 | D:1      | Reached XP level 1. HP: 13/13 MP: 4/4
    97 | D:1      | Reached XP level 2. HP: 14/20 MP: 5/5
   342 | D:1      | Reached XP level 3. HP: 6/25 MP: 7/7
   642 | D:1      | Reached skill level 1 in Fighting
   642 | D:1      | Reached skill level 1 in Short Blades
   642 | D:1      | Reached skill level 1 in Long Blades
   642 | D:1      | Reached skill level 1 in Axes
   642 | D:1      | Reached skill level 1 in Maces & Flails
   642 | D:1      | Reached skill level 1 in Polearms
   642 | D:1      | Reached skill level 1 in Staves
   642 | D:1      | Reached skill level 1 in Ranged Weapons
   642 | D:1      | Reached skill level 1 in Armour
   642 | D:1      | Reached skill level 1 in Dodging
   642 | D:1      | Reached skill level 1 in Shields
   642 | D:1      | Reached skill level 1 in Unarmed Combat
   642 | D:1      | Reached skill level 1 in Evocations
   863 | D:1      | Reached skill level 1 in Shapeshifting
   863 | D:1      | Reached XP level 4. HP: 32/32 MP: 8/8
  1042 | D:1      | Found a faded altar of an unknown god.
  1049 | D:1      | Prayed at the altar of an unknown god.
  1049 | D:1      | Became a worshipper of Uskayaw the Reveller
  1049 | D:1      | Reached * piety under Uskayaw
  1050 | D:1      | Upgraded the game from 0.32-a0-314-g526f7d4993 to
                  | 0.32-a0-338-g4f8ebfe289
  1172 | D:2      | Noticed Jessica
  1180 | D:2      | Reached ** piety under Uskayaw
  1181 | D:2      | Killed Jessica
  1182 | D:2      | Reached skill level 1 in Conjurations
  1182 | D:2      | Reached skill level 1 in Hexes
  1182 | D:2      | Reached skill level 1 in Summonings
  1182 | D:2      | Reached skill level 1 in Necromancy
  1182 | D:2      | Reached skill level 1 in Translocations
  1182 | D:2      | Reached skill level 1 in Fire Magic
  1182 | D:2      | Reached skill level 1 in Ice Magic
  1182 | D:2      | Reached skill level 1 in Air Magic
  1182 | D:2      | Reached skill level 1 in Alchemy
  1295 | D:2      | HP: 1/32 [ribbon worm (3)]
  1295 | D:2      | Slain by an adder

Illustrated notes

Levels and vault maps discovered:
D:1:      psy_arrival_fountain, layout_loops_ring,
          shapermc_ecumenical_altar_hornbeckon, hangedman_decor_clover_reticule,
          st_stairs_11, minmay_tromino_v4_c
D:2:      layout_rooms, uniq_jessica

Skill      XL: |  1  2  3  4 |
---------------+-------------+-----
Throwing       | | 10.5
Earth Magic    | 2 |  2.3
Fighting       | 1 |  1.2
Short Blades   | 1 |  1.2
Long Blades    | 1 |  1.2
Axes           | 1 |  1.2
Maces & Flails | 1 |  1.2
Polearms       | 1 |  1.2
Staves         | 1 |  1.2
Ranged Weapons | 1 |  1.2
Armour         | 1 |  1.2
Dodging        | 1 |  1.2
Shields        | 1 |  1.2
Unarmed Combat | 1 |  1.2
Evocations     | 1 |  1.2
Shapeshifting  | 1 |  1.1
Spellcasting   | 3 |  3.0
Conjurations   | 1 |  1.0
Hexes          | 1 |  1.0
Summonings     | 1 |  1.0
Necromancy     | 1 |  1.0
Translocations | 1 |  1.0
Fire Magic     | 1 |  1.0
Ice Magic      | 1 |  1.0
Air Magic      | 1 |  1.0
Alchemy        | 1 |  1.0
Stealth        | |  4.3
Invocations    | |  2.9

Action                     |  1- 3 |  4- 6 || total
---------------------------+-------+-------++-------
  Melee: Dagger            |   108 |    61 ||   169
         Bite              |     6 |     5 ||    11
  Throw: Dart              |       |     1 ||     1
   Stab: Sleeping          |     5 |     1 ||     6
 Armour: Leather armour    |    43 |    48 ||    91
  Dodge: Dodged            |    72 |    41 ||   113

Table legend: (Time is in decaauts)
 A = Elapsed time spent in this place.
 B = Non-inter-level travel time spent in this place.
 C = Inter-level travel time spent in this place.
 D = Time resting spent in this place.
 E = Time spent auto-exploring this place.
 F = Levels seen in this place.
 G = Mean time per level.
                   A        B        C        D        E       F      G
               +--------+--------+--------+--------+--------+-----+--------+
         Total |   1297 |   1183 |    114 |    132 |    744 |   2 |  648.5 |
       Dungeon |   1297 |   1183 |    114 |    132 |    744 |   2 |  648.5 |
               +--------+--------+--------+--------+--------+-----+--------+

Top non-repeatable levels by time:
     D:1: 1162 daAuts
     D:2: 134 daAuts
